 Dungeon Crawl Stone Soup version 0.28-a0-616-gdeb3d7f7b4 (webtiles) character file.

Game seed: 7602870890376951621

1 KristoblXynda the Slasher (level 1, -1/17 HPs)
             Began as a Draconian Gladiator on Oct 6, 2021.
             Slain by a kobold (3 damage)
             ... on level 1 of the Dungeon.
             The game lasted 00:00:12 (62 turns).

KristoblXynda the Slasher (Draconian Gladiator)       Turns: 62, Time: 00:00:12

Health: -1/17      AC:  4    Str: 16    XL:     1   Next: 16%
Magic:  1/1        EV: 12    Int:  8    God:
Gold:   8          SH:  0    Dex: 12    Spells: 0/0 levels left

rFire   . . .      SeeInvis .   a - +0 long sword
rCold   . . .      Faith    .   (no shield)
rNeg    . . .      Spirit   .   (armour unavailable)
rPois   .          Reflect  .   b - +0 hat
rElec   .          Harm     .   (no cloak)
rCorr   .          Rampage  .   (no gloves)
Will    .....                   (no boots)
Stlth   +.........              (no amulet)
HPRegen 0.05/turn               (no ring)
MPRegen 0.07/turn               (no ring)

@: no status effects
A: AC +4, unfitting armour, cold-blooded
a: no special abilities


You were on level 1 of the Dungeon.
You visited 1 branch of the dungeon, and saw 1 of its levels.

You collected 8 gold pieces.

Inventory:

Hand Weapons
 a - a +0 long sword (weapon)
Missiles
 c - 3 throwing nets (quivered)
Armour
 b - a +0 hat (worn)
Scrolls
 d - 2 scrolls of torment {unknown}
 e - a scroll of brand weapon {unknown}


   Skills:
 + Level 2.2 Fighting
 + Level 3.0 Long Blades
 + Level 1.8 Throwing
 + Level 2.7 Dodging


You couldn't memorise any spells.
You didn't know any spells.
Your spell library was empty.

Dungeon Overview and Level Annotations

Branches:
Dungeon (1/15)

Altars:


Innate Abilities, Weirdness & Mutations

Your plain brown scales are hard. (AC +4)
You cannot fit into any form of body armour.
You are cold-blooded and may be slowed by cold attacks.


Message History

The hobgoblin misses you. The kobold hits you with a +0 dagger.
Unknown command.
You barely miss the hobgoblin.
The hobgoblin hits you but does no damage.
The hobgoblin barely misses you.
The kobold hits you with a +0 dagger. x2
The hobgoblin misses you.
The hobgoblin hits you but does no damage.
The bat barely misses you. The goblin hits you with a +0 club.
A kobold comes into view. It is wielding a +0 short sword.
The hobgoblin hits you but does no damage.
The bat completely misses you. The bat hits you but does no damage.
You hit the bat but do no damage. The bat closely misses you.
You barely miss the goblin. The goblin closely misses you. The bat misses you.
You barely miss the goblin. The bat barely misses you.
The goblin barely misses you. The goblin hits you with a +0 club.
You barely miss the bat.
Your tail-slap misses the bat.
The bat misses you. The goblin barely misses you.
You hit the kobold but do no damage. The bat hits you but does no damage.
The goblin hits you but does no damage. The bat misses you.
The kobold barely misses you.
You hit the kobold.
The kobold is moderately wounded.
The bat barely misses you. The goblin closely misses you.
The kobold hits you with a +0 dagger.
* * * LOW HITPOINT WARNING * * *
The bat barely misses you. The goblin hits you but does no damage.
You closely miss the bat. You tail-slap the bat.
You kill the bat!
The kobold hits you but does no damage. The goblin barely misses you.
You completely miss the kobold.
The kobold is moderately wounded.
The kobold hits you but does no damage. The goblin hits you with a +0 club.
* * * LOW HITPOINT WARNING * * *
The kobold barely misses you.
Unknown command.
You closely miss the kobold.
The kobold is moderately wounded.
The goblin hits you but does no damage. The kobold hits you with a +0 dagger.
You die...

....... .......
....... .. .......
#. ....... ..
##....... #.
#KK....# #..
#@#.##
#####.###g#..##.
......K.gg.....#
######(....##.#
#.#....#.##
######.#.##.... ##
..........###..#..
##..♣♣♣♣♣..##...#
#. ♣♣♣♣♣.♣.#.#..


You could see 2 hobgoblins, a goblin and 2 kobolds.

Vanquished Creatures
  A bat (D:1)
  A kobold (D:1)
2 creatures vanquished.

Notes
Turn   | Place    | Note
-------+----------+-------------------------------------------
     0 | D:1      | KristoblXynda the Draconian Gladiator began the quest for
                  | the Orb.
     0 | D:1      | Reached XP level 1. HP: 17/17 MP: 1/1
    62 | D:1      | Slain by a kobold

Illustrated notes

Levels and vault maps discovered:
D:1:      heliophobic_arrival_henge, layout_rooms, serial_glass,
          glass_columns_a, glass_columns_b, item_on_display_a,
          minmay_heptomino_l4

Action                   || total
-------------------------++-------
Melee: Long sword        ||    19
       Tailslap          ||     2
Armor: Skin              ||    16
Dodge: Dodged            ||    31

Table legend: (Time is in decaauts)
 A = Elapsed time spent in this place.
 B = Non-inter-level travel time spent in this place.
 C = Inter-level travel time spent in this place.
 D = Time resting spent in this place.
 E = Time spent auto-exploring this place.
 F = Levels seen in this place.
 G = Mean time per level.
                   A        B        C        D        E       F      G
               +--------+--------+--------+--------+--------+-----+--------+
         Total |     66 |     66 |      0 |      0 |     29 |   1 |   66.0 |
       Dungeon |     66 |     66 |      0 |      0 |     29 |   1 |   66.0 |
               +--------+--------+--------+--------+--------+-----+--------+

Top non-repeatable levels by time:
     D:1: 66 daAuts
